[Event "December 19 Early 2023"]
[Site "https://www.chess.com"]
[Date "2023.12.19"]
[Round "10"]
[White "Sadovsky, Artem"]
[Black "Skibbe, Willi"]
[Result "0-1"]
[Board "99"]
[TimeControl "180+1"]
[WhiteFideId "4155840"]
[BlackFideId "4682190"]
[WhiteElo "2314"]
[BlackElo "2367"]
[WhiteTeam "FID"]
[BlackTeam "GER"]
[WhiteClock "0:00:13"]
[BlackClock "0:00:37"]

1. Nf3 d5 2. e3 Nf6 3. b3 Bg4 4. Bb2 e6 5. Be2 Be7 6. O-O O-O 7. c4 c5 8. h3 Bh5 9. cxd5 exd5 10. d4 Nc6 11. dxc5 Bxc5 12. Nc3 a6 13. Rc1 Ba7 14. Na4 Ne4 15. Nd4 Bxe2 16. Nxe2 Re8 17. Nf4 d4 18. exd4 Nxd4 19. Nh5 Nxf2 20. Rxf2 Ne2+ 21. Kf1 Nxc1 22. Qxc1 Qd3+ 23. Kg1 Bxf2+ 24. Kxf2 Qe2+ 25. Kg1 Qxh5 26. Qc3 Qg5 27. Nb6 Rad8 28. Kh2 Qf4+ 29. Qg3 Qxg3+ 30. Kxg3 Rd2 31. Nc4 Rc2 32. Bd4 Rxc4 33. bxc4 Re4 34. Bf2 Rxc4 0-1

[Event "December 19 Early 2023"]
[Site "https://www.chess.com"]
[Date "2023.12.19"]
[Round "10"]
[White "Mesquita, Eduardo Barbosa"]
[Black "Krzywda, Andrzej"]
[Result "1-0"]
[Board "100"]
[TimeControl "180+1"]
[WhiteFideId "22757163"]
[BlackFideId "1114565"]
[WhiteElo "1953"]
[BlackElo "2130"]
[WhiteTeam "BRA"]
[BlackTeam "POL"]
[WhiteClock "0:00:26"]
[BlackClock "0:00:12"]

1. e4 e5 2. Nf3 Nf6 3. d3 Nc6 4. Nbd2 d5 5. Qe2 Bc5 6. c3 O-O 7. h3 a5 8. g4 b6 9. Bg2 Ba6 10. exd5 Nxd5 11. Ne4 Nf4 12. Bxf4 Bxd3 13. Bg5 Qd5 14. Nfd2 Bxe2 15. Nf6+ gxf6 16. Bxd5 Ne7 17. Bxa8 fxg5 18. Kxe2 Rxa8 19. Ne4 h6 20. h4 Ng6 21. hxg5 Nf4+ 22. Kf1 hxg5 23. Nxg5 Rd8 24. Ne4 Be7 25. f3 a4 26. Rh2 a3 27. b3 Rd3 28. Rf2 Bh4 29. Rh2 Rxf3+ 30. Kg1 Be7 31. Re1 Rd3 32. b4 b5 33. Rh5 f6 34. Rh2 c6 35. Kf2 Bd8 36. Reh1 Bb6+ 37. Nc5 Bxc5+ 38. bxc5 Rxc3 39. Rh8+ Kf7 40. R1h7+ Ke6 41. Ra7 Rc2+ 42. Kf3 Rxa2 43. Rd8 Nd5 44. Rd6# 1-0

[Event "December 19 Early 2023"]
[Site "https://www.chess.com"]
[Date "2023.12.19"]
[Round "10"]
[White "noblerone"]
[Black "Kostiukov, Alexandr"]
[Result "1-0"]
[Board "101"]
[TimeControl "180+1"]
[BlackFideId "14108100"]
[WhiteElo "2492"]
[BlackElo "2112"]
[BlackTeam "UKR"]
[WhiteClock "0:00:18"]
[BlackClock "0:00:21"]

1. e4 c5 2. Nf3 g6 3. Nc3 Bg7 4. g3 Nc6 5. Bg2 e5 6. O-O Nge7 7. d3 O-O 8. Be3 d6 9. Qd2 Nd4 10. Bxd4 cxd4 11. Ne2 d5 12. c3 dxe4 13. dxe4 Nc6 14. Rfd1 Bg4 15. h3 Bxf3 16. Bxf3 Qb6 17. cxd4 exd4 18. Bg2 Ne5 19. Rab1 Rfd8 20. Nf4 Bh6 21. b3 Rac8 22. Rbc1 Rxc1 23. Qxc1 Bxf4 24. gxf4 Nc6 25. Qc4 Qb4 26. e5 Qxc4 27. bxc4 d3 28. Bd5 Nb4 29. a3 Na6 30. Rxd3 Nc5 31. Bxf7+ Kxf7 32. Rxd8 1-0

[Event "December 19 Early 2023"]
[Site "https://www.chess.com"]
[Date "2023.12.19"]
[Round "10"]
[White "Rogov, Matfey"]
[Black "Mesa Cruz, Juan Carlos"]
[Result "1-0"]
[Board "102"]
[TimeControl "180+1"]
[WhiteFideId "44191308"]
[BlackFideId "6423400"]
[WhiteElo "2057"]
[BlackElo "2142"]
[WhiteTeam "RUS"]
[BlackTeam "DOM"]
[WhiteClock "0:01:08"]
[BlackClock "0:00:00"]

1. Nc3 d5 2. d4 Nf6 3. Bg5 c5 4. e3 cxd4 5. exd4 Bg4 6. f3 Bd7 7. f4 e6 8. Nf3 Nc6 9. Bd3 Qb6 10. Ne2 Qxb2 11. O-O Qb6 12. Rb1 Qc7 13. Ne5 h6 14. Bh4 g5 15. fxg5 Nxe5 16. Bg3 Bd6 17. dxe5 Bc5+ 18. Kh1 Nh5 19. g6 Nxg3+ 20. Nxg3 f5 21. exf6 O-O-O 22. g7 Rhg8 23. Bh7 Bc6 24. Bxg8 Rxg8 25. f7 Rxg7 26. f8=Q+ Bxf8 27. Rxf8+ Kd7 28. Qd4 e5 29. Qh4 Qa5 30. Rbf1 Re7 31. h3 Qa4 32. Qxh6 Qxc2 33. Nf5 Re6 34. Qg7+ 1-0

[Event "December 19 Early 2023"]
[Site "https://www.chess.com"]
[Date "2023.12.19"]
[Round "10"]
[White "DeyanKostov"]
[Black "Koridze, Lile"]
[Result "1-0"]
[Board "103"]
[TimeControl "180+1"]
[BlackFideId "13612514"]
[WhiteElo "2471"]
[BlackElo "2061"]
[BlackTeam "GEO"]
[WhiteClock "0:01:18"]
[BlackClock "0:01:31"]

1. d4 Nf6 2. c4 e6 3. Nc3 Bb4 4. e3 O-O 5. Bd3 d5 6. a3 Bxc3+ 7. bxc3 c6 8. Nf3 Nbd7 9. O-O Qc7 10. a4 e5 11. Be2 e4 12. Nd2 Re8 13. Ba3 Nf8 14. cxd5 cxd5 15. c4 b6 16. Rc1 Qd8 17. cxd5 Qxd5 18. Bc4 Qg5 19. f4 exf3 20. Qxf3 Qxe3+ 21. Qxe3 Rxe3 22. Bd6 Bb7 23. Bxf7+ Kxf7 24. Rc7+ Ke6 25. Bxf8 Rxf8 26. Rxb7 Rd3 27. Nf3 Ra3 28. Rxa7 Rd8 29. Re1+ Kf5 30. Rxg7 Rxa4 31. Nh4+ Kf4 32. g3# 1-0

[Event "December 19 Early 2023"]
[Site "https://www.chess.com"]
[Date "2023.12.19"]
[Round "10"]
[White "Martin Barcelo, Carles"]
[Black "Mohammadi, Melika"]
[Result "1/2-1/2"]
[Board "104"]
[TimeControl "180+1"]
[WhiteFideId "24561444"]
[BlackFideId "42529271"]
[WhiteElo "2135"]
[BlackElo "1901"]
[WhiteTeam "ESP"]
[BlackTeam "IRI"]
[WhiteClock "0:00:03"]
[BlackClock "0:00:13"]

1. e4 e5 2. Nf3 Nc6 3. Nc3 Nf6 4. h3 d5 5. exd5 Nxd5 6. Bb5 Nxc3 7. bxc3 Bd6 8. O-O O-O 9. Re1 Re8 10. d4 exd4 11. cxd4 Rxe1+ 12. Qxe1 Bf5 13. c3 Ne7 14. Bg5 h6 15. Be3 c6 16. Bc4 Nd5 17. Bxd5 cxd5 18. Ne5 Qc7 19. Nf3 Rc8 20. Bd2 Be4 21. Qe3 b5 22. Qe2 a6 23. a4 Qc4 24. Qd1 Rb8 25. axb5 axb5 26. Qe1 b4 27. cxb4 Bxb4 28. Rc1 Qb3 29. Bxb4 Qxb4 30. Rc8+ Kh7 31. Rxb8 Qxb8 32. Qe3 Qb1+ 33. Kh2 Qb6 34. Ne5 Qf6 35. Nf3 Qd6+ 36. Kg1 Qg6 37. Kh2 Qf5 38. Nd2 Bd3 39. Nf3 Be4 40. Nd2 Bd3 41. Kg1 Qg6 42. Nf3 Be4 43. Kh2 Qd6+ 44. Kg1 Qg6 1/2-1/2

[Event "December 19 Early 2023"]
[Site "https://www.chess.com"]
[Date "2023.12.19"]
[Round "10"]
[White "Korol, Dimitry"]
[Black "Uritsky, Yonathan"]
[Result "0-1"]
[Board "105"]
[TimeControl "180+1"]
[WhiteFideId "14108003"]
[BlackFideId "2825651"]
[WhiteElo "2262"]
[BlackElo "2168"]
[WhiteTeam "UKR"]
[BlackTeam "ISR"]
[WhiteClock "0:00:00"]
[BlackClock "0:00:45"]

1. d4 Nf6 2. c4 c5 3. d5 b5 4. Nd2 g6 5. b3 Bg7 6. Bb2 O-O 7. e4 d6 8. Ngf3 Re8 9. Bd3 bxc4 10. bxc4 Nxe4 11. Bxg7 Nxd2 12. Bc3 Nxf3+ 13. Qxf3 Nd7 14. O-O Bb7 15. Qf4 f6 16. Rfe1 Ne5 17. Be2 Qd7 18. Qg3 Ba6 19. Qh4 Qf5 20. Bxe5 Qxe5 21. Bg4 Qd4 22. Be6+ Kg7 23. Qg3 Bxc4 24. Rad1 Qb2 25. Re3 Rab8 26. Rde1 Qxa2 27. Bd7 Bxd5 28. Bxe8 Rxe8 29. Rxe7+ Rxe7 30. Rxe7+ Bf7 31. Re1 d5 32. h4 h5 33. Qc7 d4 34. Qxc5 d3 35. Qd4 Qc2 36. Re3 d2 37. Rd3 Qc1+ 38. Kh2 Qc7+ 39. g3 a5 40. Rxd2 Qc6 41. Qd7 Qc3 42. Qd3 Qb4 43. Qe3 a4 44. Rd7 Qb2 0-1

[Event "December 19 Early 2023"]
[Site "https://www.chess.com"]
[Date "2023.12.19"]
[Round "10"]
[White "Omariev, Maksim"]
[Black "Buscar, Michael"]
[Result "1-0"]
[Board "106"]
[TimeControl "180+1"]
[WhiteFideId "4193423"]
[BlackFideId "2603616"]
[WhiteElo "2447"]
[BlackElo "2010"]
[WhiteTeam "RUS"]
[BlackTeam "CAN"]
[WhiteClock "0:00:02"]
[BlackClock "0:00:06"]

1. g4 h5 2. g5 e5 3. d4 e4 4. c4 Bb4+ 5. Nc3 d5 6. Qb3 Bxc3+ 7. Qxc3 c6 8. f3 exf3 9. Nxf3 Ne7 10. Bg2 Be6 11. e4 dxe4 12. Ne5 Nf5 13. Be3 Nxe3 14. Qxe3 Nd7 15. Nxd7 Qxd7 16. O-O-O Bxc4 17. Qxe4+ Be6 18. Qe5 O-O 19. Kb1 g6 20. Ka1 Rad8 21. Rhf1 Qd6 22. Qf6 Qxh2 23. Be4 Rd6 24. Rh1 Qg3 25. Rdg1 Qe3 26. Bxg6 Qxd4 27. Bh7+ Kxh7 28. Rxh5+ Kg8 29. Rh8# 1-0

[Event "December 19 Early 2023"]
[Site "https://www.chess.com"]
[Date "2023.12.19"]
[Round "10"]
[White "Ruge, Edison"]
[Black "Kovalyov, Eduard"]
[Result "0-1"]
[Board "107"]
[TimeControl "180+1"]
[WhiteFideId "4401000"]
[BlackFideId "14118033"]
[WhiteElo "2175"]
[BlackElo "2300"]
[WhiteTeam "COL"]
[BlackTeam "UKR"]
[WhiteClock "0:00:00"]
[BlackClock "0:00:07"]

1. e4 e5 2. Nf3 Nf6 3. Nc3 Nc6 4. Bb5 Bd6 5. O-O O-O 6. h3 Re8 7. d3 a6 8. Ba4 h6 9. Nh4 Nxe4 10. Nxe4 Qxh4 11. Nxd6 cxd6 12. c3 d5 13. Bb3 d4 14. c4 d6 15. Re1 Bf5 16. a3 Qf6 17. Qf3 Qg6 18. Bc2 Be6 19. Bd2 Bxc4 20. Rac1 Be6 21. b4 f5 22. Ba4 Bd7 23. Bb3+ Kh8 24. a4 Be6 25. Bxe6 Qxe6 26. b5 axb5 27. axb5 e4 28. bxc6 bxc6 29. dxe4 fxe4 30. Qh5 c5 31. Bf4 Rf8 32. Bg3 Rae8 33. Ra1 Rf5 34. Qh4 Re7 35. Ra8+ Kh7 36. Ra6 Rd5 37. f3 e3 38. Rb1 Rd7 39. Qe4+ Qxe4 40. fxe4 Rg5 41. Bxd6 Rg6 42. e5 d3 43. Ra3 Rgxd6 44. exd6 Rxd6 45. Rc3 d2 46. Kf1 d1=Q+ 47. Rxd1 Rxd1+ 48. Ke2 Rd2+ 49. Kxe3 Rxg2 50. Kf3 Rg5 51. h4 Rd5 52. Kg4 Rd4+ 53. Kg3 c4 54. Rc1 Rd3+ 55. Kg4 c3 56. h5 Rd4+ 57. Kg3 Rc4 58. Kh3 Kg8 59. Rc2 Kf7 60. Kg3 Kf6 61. Kf3 Kg5 62. Ke3 Kxh5 63. Kd3 Rc7 64. Rg2 g5 65. Rh2+ Kg6 66. Kc2 h5 0-1

[Event "December 19 Early 2023"]
[Site "https://www.chess.com"]
[Date "2023.12.19"]
[Round "10"]
[White "Bowden, Karl"]
[Black "Pogorelskikh, Sofia"]
[Result "1-0"]
[Board "108"]
[TimeControl "180+1"]
[WhiteFideId "400548"]
[BlackFideId "44164548"]
[WhiteElo "2436"]
[BlackElo "2031"]
[WhiteTeam "ENG"]
[BlackTeam "SRB"]
[WhiteClock "0:00:23"]
[BlackClock "0:00:05"]

1. e4 e5 2. Nf3 Nc6 3. Bb5 a6 4. Ba4 Bc5 5. O-O Nge7 6. Nxe5 Nxe5 7. d4 Ba7 8. dxe5 Ng6 9. Qh5 Qe7 10. Nc3 Qxe5 11. Qxe5+ Nxe5 12. Nd5 Bb8 13. f4 Nc6 14. e5 O-O 15. Be3 Re8 16. Rfe1 b5 17. Bb3 Na5 18. Rad1 Bb7 19. Nc3 Nxb3 20. axb3 Bc6 21. Nd5 f6 22. exf6 Bxd5 23. Rxd5 Rxe3 24. Rxe3 Ba7 25. Kf2 gxf6 26. Rxd7 Re8 27. Rd3 Kf7 28. Kf3 Bxe3 29. Rxe3 Rd8 30. Rd3 Rxd3+ 31. cxd3 Ke6 32. g4 c5 33. Ke4 a5 34. h4 h6 35. g5 hxg5 36. hxg5 f5+ 37. Ke3 Kd5 38. Kd2 Ke6 39. Kc2 Kd5 40. Kc3 Ke6 41. d4 cxd4+ 42. Kxd4 Kd6 43. g6 Ke6 44. Kc5 Kf6 45. Kxb5 Kxg6 46. Kxa5 Kh5 47. b4 Kg4 48. b5 Kxf4 49. b6 Ke3 50. b7 f4 51. b8=Q f3 52. Qe8+ Kf2 53. b4 1-0

[Event "December 19 Early 2023"]
[Site "https://www.chess.com"]
[Date "2023.12.19"]
[Round "10"]
[White "Novak, Ratko"]
[Black "Marinakis, Hristos"]
[Result "0-1"]
[Board "109"]
[TimeControl "180+1"]
[WhiteFideId "14511827"]
[BlackFideId "4294661"]
[WhiteElo "2036"]
[BlackElo "2316"]
[WhiteTeam "CRO"]
[BlackTeam "GRE"]
[WhiteClock "0:00:00"]
[BlackClock "0:00:06"]

1. d4 Nf6 2. c4 e6 3. a3 b6 4. d5 Bb7 5. Nc3 Be7 6. e4 exd5 7. cxd5 d6 8. f4 O-O 9. Nf3 Re8 10. Be2 Bf8 11. Qc2 Nbd7 12. b4 Qe7 13. O-O Nxe4 14. Bc4 Nxc3 15. Qxc3 Nf6 16. Qb3 Qd7 17. Nd4 a6 18. Qf3 Re4 19. Bb2 Rae8 20. Rad1 Re3 21. Qf2 b5 22. Ba2 Nxd5 23. Bc1 R3e7 24. f5 Nc3 25. Rd3 Ne2+ 26. Kh1 Nxd4 27. Qxd4 Re2 28. Bb1 Rxg2 29. Rdf3 Bxf3 30. Rxf3 Rge2 31. Rf1 Re1 32. Qf4 Rxf1+ 33. Qxf1 Qc6+ 34. Kg1 Qc3 35. f6 Re1 36. Bf4 Rxf1+ 37. Kxf1 Qf3+ 38. Ke1 Qxf4 0-1

[Event "December 19 Early 2023"]
[Site "https://www.chess.com"]
[Date "2023.12.19"]
[Round "10"]
[White "Porozhnyak, Maya"]
[Black "Guimaraes, Wagner Peixoto"]
[Result "1/2-1/2"]
[Board "110"]
[TimeControl "180+1"]
[WhiteFideId "34115843"]
[BlackFideId "2100940"]
[WhiteElo "1932"]
[BlackElo "2140"]
[WhiteTeam "RUS"]
[BlackTeam "BRA"]
[WhiteClock "0:00:04"]
[BlackClock "0:00:02"]

1. e4 c5 2. Nf3 Nc6 3. d4 cxd4 4. c3 Nf6 5. Bd3 d6 6. h3 dxc3 7. Nxc3 g6 8. O-O Bg7 9. Qe2 O-O 10. Rd1 a6 11. e5 dxe5 12. Bxg6 hxg6 13. Rxd8 Rxd8 14. Nxe5 Nxe5 15. Qxe5 Be6 16. Qc5 Nd5 17. Bd2 Rac8 18. Qa3 Nb6 19. Be1 Nc4 20. Qxe7 Nxb2 21. Qxb7 Nd3 22. Bd2 Nc5 23. Qb2 Na4 24. Qa3 Nxc3 25. Bxc3 Bxc3 26. Rc1 Be5 27. Re1 Bg7 28. Qxa6 Ra8 29. Qb6 Rdb8 30. Qc7 Rc8 31. Qb7 Rcb8 32. Qf3 Rxa2 33. Rd1 Rf8 34. h4 Ra5 35. g3 Ra4 36. Qe3 Ra5 37. Kh2 Rf5 38. Rd2 Kh7 39. f4 Bf6 40. Qa3 Rg8 41. Qf3 Bg7 42. Qe3 Rf6 43. Re2 Bf5 44. Re1 Re6 45. Qf2 Rxe1 46. Qxe1 Rd8 47. Qe2 Rd6 48. g4 Be6 49. h5 gxh5 50. Qe4+ Kg8 51. f5 hxg4 52. fxe6 Rxe6 53. Qxg4 Rg6 54. Qc8+ Kh7 55. Kh3 Rh6+ 56. Kg4 Rg6+ 57. Kf5 Rf6+ 58. Ke4 Re6+ 59. Kd5 Rg6 60. Qe8 Rf6 61. Qe4+ Rg6 62. Qh4+ Kg8 63. Ke4 Bf6 64. Qh5 Kg7 65. Qh1 Rh6 66. Qg2+ Rg6 67. Qf3 Rh6 68. Kf5 Rg6 69. Ke4 Rg5 70. Qf4 Re5+ 71. Kd3 Rg5 72. Kc4 Rg6 73. Qf3 Rg5 74. Kd3 Rg6 75. Ke2 Rg5 76. Qf4 Rg6 77. Kf3 Rg5 78. Qc7 Rg6 79. Kf4 Rg5 80. Qc8 Rg6 81. Qh3 Rh6 82. Qg2+ Rg6 83. Qa2 Rh6 84. Ke4 Rg6 85. Kd5 Rh6 86. Kd6 Rg6 87. Kd7 Bg5 88. Ke8 Rf6 89. Qg2 Kg6 90. Qe4+ Kg7 91. Qg4 Kg6 92. Kd7 Rf4 93. Qg2 Rf6 94. Qe4+ Kg7 95. Qg4 Kg6 96. Ke8 Re6+ 97. Kd7 Rf6 98. Qg3 Rf5 99. Qd3 Kf6 100. Qd6+ Kg7 101. Qd3 Rf6 102. Qd4 Kg6 103. Ke8 1/2-1/2

[Event "December 19 Early 2023"]
[Site "https://www.chess.com"]
[Date "2023.12.19"]
[Round "10"]
[White "Petrukhina, Olga"]
[Black "Burmakin, Evgeniy"]
[Result "0-1"]
[Board "111"]
[TimeControl "180+1"]
[WhiteFideId "13703935"]
[BlackFideId "4163729"]
[WhiteElo "1991"]
[BlackElo "2106"]
[WhiteTeam "KAZ"]
[BlackTeam "RUS"]
[WhiteClock "0:00:00"]
[BlackClock "0:00:05"]

1. d4 Nf6 2. c4 g6 3. Nc3 Bg7 4. Nf3 d6 5. Bg5 h6 6. Bh4 O-O 7. e3 c5 8. d5 a6 9. a4 e6 10. Nd2 exd5 11. cxd5 Nbd7 12. Nc4 Qe7 13. Bg3 Ne8 14. Be2 f5 15. O-O g5 16. f3 Rb8 17. Bf2 Ne5 18. Nxe5 Qxe5 19. Qd2 Bd7 20. a5 Nc7 21. Bg3 f4 22. exf4 gxf4 23. Bf2 Rbe8 24. Bc4 Nb5 25. Bxb5 axb5 26. Rfe1 Qg5 27. Ne4 Qg6 28. a6 bxa6 29. Rxa6 Bh3 30. Bxc5 Be5 31. Kh1 Bc8 32. Bxd6 Bxa6 33. Bxf8 Kxf8 34. d6 Qe6 35. d7 Rd8 36. Rd1 Bb7 37. Qb4+ Kg8 38. Qxb5 Bxe4 39. fxe4 f3 0-1

[Event "December 19 Early 2023"]
[Site "https://www.chess.com"]
[Date "2023.12.19"]
[Round "10"]
[White "Fernandez Siles, Luis"]
[Black "Jaque Gutierrez, Matias"]
[Result "0-1"]
[Board "112"]
[TimeControl "180+1"]
[WhiteFideId "2209420"]
[BlackFideId "3426980"]
[WhiteElo "2195"]
[BlackElo "2040"]
[WhiteTeam "ESP"]
[BlackTeam "CHI"]
[WhiteClock "0:01:15"]
[BlackClock "0:01:47"]

1. e4 c5 2. Nf3 e6 3. c3 Nf6 4. e5 Nd5 5. Bc4 d6 6. d4 cxd4 7. cxd4 Be7 8. O-O O-O 9. Qe2 b6 10. Nc3 Nxc3 11. bxc3 Qc7 12. Bd3 Nd7 13. exd6 Bxd6 14. Qe4 Nf6 15. Qxa8 Bb7 16. Qxa7 Ra8 17. Qxa8+ Bxa8 18. Bd2 Bxf3 19. gxf3 Bxh2+ 20. Kg2 Bf4 21. Bxf4 Qxf4 22. Rh1 Qg5+ 23. Kf1 Qd2 24. Be4 Qxc3 25. Rd1 Nxe4 26. fxe4 Qf3 0-1

[Event "December 19 Early 2023"]
[Site "https://www.chess.com"]
[Date "2023.12.19"]
[Round "10"]
[White "Mizzi, Jack"]
[Black "Vincenti, Leonardo"]
[Result "0-1"]
[Board "113"]
[TimeControl "180+1"]
[WhiteFideId "5602521"]
[BlackFideId "28550820"]
[WhiteElo "2127"]
[BlackElo "2054"]
[WhiteTeam "MLT"]
[BlackTeam "ITA"]
[WhiteClock "0:00:12"]
[BlackClock "0:00:09"]

1. d4 Nf6 2. c4 g6 3. g3 Bg7 4. Bg2 O-O 5. Nf3 d6 6. O-O c5 7. Nc3 Nc6 8. d5 Nb8 9. e4 Nbd7 10. Re1 Ng4 11. h3 Nge5 12. Nxe5 Nxe5 13. Qe2 a6 14. f4 Nd7 15. Be3 e6 16. Rad1 Re8 17. dxe6 Rxe6 18. Nd5 Nf6 19. e5 dxe5 20. Bxc5 Nxd5 21. Bxd5 Qc7 22. b4 Re8 23. Qg2 Be6 24. Bxb7 Rab8 25. Bd5 Bxd5 26. Qxd5 exf4 27. Bd6 Rxe1+ 28. Rxe1 Qa7+ 29. c5 Rd8 30. gxf4 Bf8 31. Kg2 Bxd6 32. cxd6 Qd7 33. Re7 Qf5 34. Qxf5 gxf5 35. Re5 Rxd6 36. Rxf5 Rd2+ 37. Kg3 Rxa2 38. Ra5 Rxa5 39. bxa5 Kf8 40. f5 Ke7 41. Kf4 Kd6 42. Kg5 Ke5 43. h4 f6+ 44. Kh6 Kxf5 45. Kg7 h5 46. Kh6 Kg4 47. Kg6 Kxh4 48. Kxf6 Kg4 49. Ke6 h4 50. Kd6 h3 51. Kc6 h2 52. Kb6 h1=Q 53. Kxa6 Qa8+ 54. Kb6 Kf5 55. a6 Ke6 56. a7 Ke7 57. Kc7 Qxa7+ 58. Kc6 Qg1 59. Kd5 Qg2+ 60. Ke5 Qg5+ 61. Ke4 Kd7 62. Kf3 Qh4 63. Ke3 Qg4 64. Kf2 Qh3 65. Kg1 Qf3 66. Kh2 Ke6 67. Kg1 Qe2 68. Kh1 Kf5 69. Kg1 Kg4 70. Kh1 Kg3 71. Kg1 Qe1# 0-1

[Event "December 19 Early 2023"]
[Site "https://www.chess.com"]
[Date "2023.12.19"]
[Round "10"]
[White "Figorito, Nick"]
[Black "Semenova, Alina"]
[Result "1-0"]
[Board "114"]
[TimeControl "180+1"]
[WhiteFideId "30923689"]
[BlackFideId "24113875"]
[WhiteElo "2417"]
[BlackElo "1827"]
[WhiteTeam "USA"]
[BlackTeam "RUS"]
[WhiteClock "0:00:20"]
[BlackClock "0:00:00"]

1. Nf3 d5 2. g3 Nf6 3. Bg2 e6 4. O-O Be7 5. d4 O-O 6. c4 dxc4 7. Ne5 Nc6 8. Nxc6 bxc6 9. Bxc6 Rb8 10. Bg2 c5 11. dxc5 Bxc5 12. Qc2 Qc7 13. Bf4 e5 14. Bg5 Ne8 15. Nc3 Be6 16. Nd5 Qa5 17. Bd2 Qd8 18. e4 Bd4 19. Bc3 Nc7 20. Bxd4 exd4 21. Qxc4 Rxb2 22. Qxd4 Rb7 23. Rfd1 Bxd5 24. exd5 Nb5 25. Qd3 Nd6 26. Rab1 Rxb1 27. Rxb1 Qa5 28. Qb3 g6 29. h4 Re8 30. a3 Kg7 31. Qb4 Qc7 32. Qd4+ Kg8 33. h5 Nf5 34. Qf6 Qd6 35. Qxd6 Nxd6 36. hxg6 hxg6 37. Rc1 Re7 38. Rc6 Rd7 39. Bh3 Rd8 40. Bg2 Rd7 41. Ra6 Nb5 42. a4 Nc3 43. d6 Kf8 44. Rc6 1-0

[Event "December 19 Early 2023"]
[Site "https://www.chess.com"]
[Date "2023.12.19"]
[Round "10"]
[White "Negron Lizarazo, Juan Sebastian"]
[Black "Shadhursshaan R"]
[Result "0-1"]
[Board "115"]
[TimeControl "180+1"]
[WhiteFideId "3936910"]
[BlackFideId "45024138"]
[WhiteElo "1647"]
[BlackElo "1760"]
[WhiteTeam "COL"]
[BlackTeam "IND"]
[WhiteClock "0:00:55"]
[BlackClock "0:00:32"]

1. e4 c6 2. d4 d5 3. e5 c5 4. c3 Nc6 5. Nf3 Bg4 6. Bb5 a6 7. Bxc6+ bxc6 8. O-O cxd4 9. cxd4 e6 10. b3 Ne7 11. Bb2 Ng6 12. Nbd2 Bb4 13. Qc2 Nf4 14. Qxc6+ Kf8 15. Qa4 Bxd2 16. Nxd2 Qg5 17. Qc6 Rd8 18. Qc2 Bf3 19. Ba3+ Kg8 20. g3 Ne2# 0-1

[Event "December 19 Early 2023"]
[Site "https://www.chess.com"]
[Date "2023.12.19"]
[Round "10"]
[White "Delorme, Axel"]
[Black "Piddubna, Bozhena"]
[Result "1-0"]
[Board "116"]
[TimeControl "180+1"]
[WhiteFideId "632023"]
[BlackFideId "34109293"]
[WhiteElo "2478"]
[BlackElo "1874"]
[WhiteTeam "FRA"]
[BlackTeam "UKR"]
[WhiteClock "0:00:08"]
[BlackClock "0:00:00"]

1. e4 e5 2. Nf3 Nc6 3. Bb5 a6 4. Ba4 Nf6 5. O-O Be7 6. Re1 b5 7. Bb3 d6 8. c3 Na5 9. Bc2 c5 10. d4 exd4 11. cxd4 Bg4 12. Nbd2 O-O 13. h3 Bh5 14. d5 Nd7 15. b3 Bf6 16. Rb1 Ne5 17. Bb2 Nxf3+ 18. Nxf3 c4 19. g4 Bg6 20. Bxf6 Qxf6 21. b4 Nb7 22. Kg2 a5 23. Qd4 Qxd4 24. Nxd4 axb4 25. Rxb4 Rxa2 26. Rxb5 Nc5 27. Rb6 Rxc2 28. Nxc2 Bxe4+ 29. Rxe4 Nxe4 30. f3 Nf6 31. Rxd6 Rb8 32. Kg3 Kf8 33. Nd4 Ke7 34. Nf5+ Kf8 35. g5 Ne8 36. Rc6 Rd8 37. Ne3 f6 38. h4 fxg5 39. hxg5 Nd6 40. Kf4 Ke7 41. Ke5 Nf7+ 42. Kf4 Nd6 43. Ke5 Nf7+ 44. Kd4 Nxg5 45. f4 Nf7 46. Nf5+ Kf8 47. Kxc4 g6 48. Nd4 Ke7 49. Re6+ Kf8 50. Ra6 Ke7 51. Nc6+ Ke8 52. Nxd8 Kxd8 53. Ra7 Nd6+ 54. Kc5 Ne4+ 55. Kd4 Nd6 56. Rxh7 Nf5+ 57. Ke5 Ne7 58. Ke6 Nf5 59. d6 Kc8 60. Rh8+ Kb7 61. d7 Ng7+ 62. Kd5 g5 63. d8=Q gxf4 64. Qc8+ Kb6 65. Qc6+ Ka5 66. Ra8+ Kb4 67. Ra4+ Kb3 68. Qc4+ Kb2 69. Ra2+ 1-0

[Event "December 19 Early 2023"]
[Site "https://www.chess.com"]
[Date "2023.12.19"]
[Round "10"]
[White "Dwilewicz, Katarzyna"]
[Black "Yushko, Olga"]
[Result "1-0"]
[Board "117"]
[TimeControl "180+1"]
[WhiteFideId "1148486"]
[BlackFideId "14114500"]
[WhiteElo "2098"]
[BlackElo "1891"]
[WhiteTeam "POL"]
[BlackTeam "UKR"]
[WhiteClock "0:01:25"]
[BlackClock "0:01:22"]

1. e4 e6 2. d4 d5 3. e5 c5 4. c3 Nc6 5. Nf3 Qb6 6. Be2 cxd4 7. cxd4 Nge7 8. Nc3 Nf5 9. Na4 Qc7 10. O-O Be7 11. b3 O-O 12. Bb2 a6 13. Rc1 b5 14. Nc5 Bxc5 15. Rxc5 Qb6 16. Qd2 Bd7 17. Rfc1 a5 18. Rxb5 Qa7 19. Rbc5 Rfc8 20. Bb5 Nxe5 21. Rxc8+ Rxc8 22. Rxc8+ Bxc8 23. Nxe5 f6 24. Nc6 Qc7 25. Qxa5 Qf4 26. Qd8+ Kf7 27. Ne5+ fxe5 28. Be8+ Kf8 29. Bg6# 1-0

[Event "December 19 Early 2023"]
[Site "https://www.chess.com"]
[Date "2023.12.19"]
[Round "10"]
[White "Rozhkov, Viacheslav"]
[Black "Sailer, Mike"]
[Result "1-0"]
[Board "118"]
[TimeControl "180+1"]
[WhiteFideId "4181484"]
[BlackFideId "2012901"]
[WhiteElo "2237"]
[BlackElo "2109"]
[WhiteTeam "RUS"]
[BlackTeam "USA"]
[WhiteClock "0:00:36"]
[BlackClock "0:00:04"]

1. e4 d5 2. exd5 Qxd5 3. Nc3 Qd6 4. d4 c6 5. Nf3 Bg4 6. g3 e6 7. Bg2 Nf6 8. O-O Qc7 9. h3 Bh5 10. Bg5 Nbd7 11. Qd2 Bd6 12. Rae1 h6 13. Be3 O-O-O 14. a4 g5 15. Qc1 g4 16. Ne5 Nxe5 17. dxe5 Bxe5 18. Bxa7 gxh3 19. Bxh3 Bxg3 20. fxg3 Qxg3+ 21. Bg2 Rhg8 22. Rf2 Bf3 23. Re3 Qxg2+ 24. Rxg2 Rxg2+ 25. Kf1 Rdg8 26. Rxf3 Rh2 27. Qf4 Rh1+ 28. Ke2 Rg2+ 29. Rf2 Rgg1 30. Qxf6 1-0

[Event "December 19 Early 2023"]
[Site "https://www.chess.com"]
[Date "2023.12.19"]
[Round "10"]
[White "Khodabandeh, Milad"]
[Black "Kim, Sergey"]
[Result "0-1"]
[Board "119"]
[TimeControl "180+1"]
[WhiteFideId "12538620"]
[BlackFideId "13700570"]
[WhiteElo "1846"]
[BlackElo "2577"]
[WhiteTeam "IRI"]
[BlackTeam "KAZ"]
[WhiteClock "0:00:00"]
[BlackClock "0:00:16"]

1. e4 e5 2. Nf3 Nc6 3. Bb5 a6 4. Bxc6 dxc6 5. O-O f6 6. d4 exd4 7. Nxd4 Ne7 8. Nc3 Ng6 9. Be3 Bb4 10. Nde2 Qxd1 11. Raxd1 Bd7 12. a3 Bd6 13. f4 O-O-O 14. g3 Rhe8 15. Kg2 c5 16. Kf3 Bc6 17. Nd5 f5 18. exf5 Ne7 19. c4 Nxf5 20. Bg1 b5 21. b3 Ne7 22. Nc3 b4 23. Ne4 Nxd5 24. cxd5 Bb5 25. Rfe1 bxa3 26. Nxd6+ cxd6 27. Rxe8 Rxe8 28. Ra1 Re2 29. Rxa3 Rb2 30. f5 Kb7 31. g4 Rb1 32. Bf2 Rc1 33. g5 Rd1 34. b4 Rxd5 35. bxc5 dxc5 36. Kf4 c4 37. f6 gxf6 38. gxf6 Bd7 39. Rc3 Rf5+ 40. Kg3 Rxf6 41. Rxc4 a5 42. Rc5 a4 43. Ra5 Rg6+ 44. Kf4 Rf6+ 45. Ke3 Kc7 46. Bg3+ Kb6 47. Ra8 Bc6 48. Bf2 Bxa8 0-1

[Event "December 19 Early 2023"]
[Site "https://www.chess.com"]
[Date "2023.12.19"]
[Round "10"]
[White "Fishchuk, Vladyslav"]
[Black "Zhuk, Valeriy"]
[Result "1-0"]
[Board "120"]
[TimeControl "180+1"]
[WhiteFideId "34122117"]
[BlackFideId "24151254"]
[WhiteElo "2055"]
[BlackElo "2148"]
[WhiteTeam "UKR"]
[BlackTeam "RUS"]
[WhiteClock "0:00:37"]
[BlackClock "0:00:00"]

1. Nc3 Nf6 2. e4 e5 3. Nf3 Nc6 4. Bb5 Bb4 5. O-O O-O 6. Bxc6 dxc6 7. d3 Re8 8. Ne2 Nd7 9. Ng3 Nf8 10. c3 Bd6 11. d4 f6 12. Nh4 c5 13. d5 Ng6 14. Nhf5 Bf8 15. Qg4 Kh8 16. h4 Ne7 17. h5 c6 18. dxc6 Nxc6 19. Rd1 Qc7 20. Qh4 Qf7 21. Be3 Be6 22. Nd6 Bxd6 23. Rxd6 Bxa2 24. h6 g5 25. Qg4 Be6 26. Qf3 Red8 27. Bxc5 Rxd6 28. Bxd6 Rd8 29. Bc5 b6 30. Be3 1-0